 Dungeon Crawl Stone Soup version 0.31.0-7-gf635a9b802 (webtiles) character file.

Game seed: 2363520002946087526

49 Arcadio the Digger (level 3, 0/19 HPs)
             Began as a Gargoyle Earth Elementalist on Jan 23, 2024.
             Slain by a ribbon worm (6 damage)
             ... on level 2 of the Dungeon.
             The game lasted 00:02:36 (895 turns).

Arcadio the Digger (Gargoyle Earth Elementalist)     Turns: 895, Time: 00:02:37

Health: 0/19       AC:  8    Str: 11    XL:     3   Next: 77%
Magic:  2/6        EV: 10    Int: 17    God:
Gold:   88         SH:  0    Dex: 10    Spells: 6/7 levels left

rFire   . . .        h - +0 spear
rCold   . . .        (no shield)
rNeg    + + .        c - +0 ring mail
rPois   ∞            (no helmet)
rElec   +            (no cloak)
rCorr   .            (no gloves)
SInv    .            (no boots)
Will    .....        e - amulet of the acrobat
Stlth   +            f - ring of positive energy
HPRegen 0.23/turn    (no ring)
MPRegen 0.10/turn

%: acrobat
@: no status effects
A: sickness immunity, AC +3, negative energy resistance 1, electricity
resistance, torment resistance 1, petrification resistance
a: no special abilities


You were on level 2 of the Dungeon.
You visited 1 branch of the dungeon, and saw 2 of its levels.

You collected 88 gold pieces.

Inventory:

Hand Weapons
 h - a +0 spear (weapon)
Armour
 a - a +0 robe
 c - a +0 ring mail (worn)
Jewellery
 e - an amulet of the acrobat (around neck)
 f - a ring of positive energy (left hand)
Potions
 b - a potion of magic
 d - a potion of degeneration {unknown}
 g - a potion of attraction {unknown}


   Skills:
 + Level 1.9 Armour
 - Level 1.5 Dodging
 - Level 2.1 Stealth
 + Level 2.6 Spellcasting
 - Level 1.1 Conjurations
 + Level 4.3 Earth Magic


You had 6 spell levels left.
You knew the following spells:

 Your Spells              Type           Power      Damage    Failure   Level
a - Sandblast             Erth           34%        2d9       7%          1

Your spell library contained the following spells:

 Spells                   Type           Power      Damage    Failure   Level
 Passwall                 Erth           17%        N/A       22%         3
 Stone Arrow              Conj/Erth      22%        3d8       38%         3
 Brom's Barrelling Bould  Conj/Erth      11%        2d3       80%         4
 Petrify                  Alch/Erth      9%         N/A       86%         4


Dungeon Overview and Level Annotations

Branches:
Dungeon (2/15)

Altars:


Innate Abilities, Weirdness & Mutations

You are immune to sickness and miasma.
Your stone body is resilient. (AC +3)
You are immune to poison.
You resist negative energy. (rN+)
You are resistant to electric shocks. (rElec)
You are resistant to unholy torment.
You are immune to petrification.


Message History

The web tears apart.
You see here 8 gold pieces.
You now have 88 gold pieces (gained 8).
You see here a +0 spear.
h - a +0 spear
h - a +0 spear (weapon)
Casting: Sandblast (safe; 7% risk of failure)
Confirm with . or Enter, or press ? or * to list all spells.
Aiming: Sandblast (safe; 7% risk of failure)
Press: ? - help, Shift-Dir - straight line, f - ribbon worm
Aim: a ribbon worm (94% to hit)
The blast of sand hits the ribbon worm!
The ribbon worm is severely wounded.
The ribbon worm expels a string of sticky webbing.
The stream of webbing hits you but does no damage.
You are caught in a web!
Casting: Sandblast (safe; 7% risk of failure)
Confirm with . or Enter, or press ? or * to list all spells.
Aiming: Sandblast (safe; 7% risk of failure)
Press: ? - help, Shift-Dir - straight line, f - ribbon worm, p - ribbon worm
Aim: a ribbon worm (94% to hit)
Okay, then.
You struggle to detach yourself from the web.
The ribbon worm bites you!
The web tears apart.
Casting: Sandblast (safe; 7% risk of failure)
Confirm with . or Enter, or press ? or * to list all spells.
Aiming: Sandblast (safe; 7% risk of failure)
Press: ? - help, Shift-Dir - straight line, f/p - ribbon worm
Aim: a ribbon worm (heavily wounded, catching its breath, 94% to hit)
Okay, then.
Casting: Sandblast (safe; 7% risk of failure)
Confirm with . or Enter, or press ? or * to list all spells.
Aiming: Sandblast (safe; 7% risk of failure)
Press: ? - help, Shift-Dir - straight line, f/p - ribbon worm
Aim: a ribbon worm (heavily wounded, catching its breath, 94% to hit)
The blast of sand hits the ribbon worm.
The ribbon worm is severely wounded.
The ribbon worm bites you. x2
You die...

####### #.....# ..#). #.....#
#..... ###########.# #.....#
#.... #..ww@....$.# #.....# #...#
#.########### #.....# ####...###
#.# #.....# .........###w#
#.....#
...........#.##############.....#
.........#......$.......†.......#
.......w.###..#############....%#
........r# ##...# #.....#
......w..# ###.### ####.##


You could see 2 ribbon worms.

Vanquished Creatures
  4 adders (D:2)
  A bat (D:2)
  2 endoplasms
  A giant cockroach (D:1)
  A goblin (D:2)
  A quokka (D:2)
  A ball python (D:1)
  A frilled lizard (D:1)
  A kobold (D:1)
  4 rats (D:2)
17 creatures vanquished.

Notes
Turn   | Place    | Note
-------+----------+-------------------------------------------
     0 | D:1      | Arcadio the Gargoyle Earth Elementalist began the quest for
                  | the Orb.
     0 | D:1      | Reached XP level 1. HP: 10/10 MP: 3/3
    21 | D:1      | Found a faded altar of an unknown god.
   676 | D:2      | Reached skill level 1 in Armour
   676 | D:2      | Reached skill level 4 in Earth Magic
   676 | D:2      | Reached XP level 2. HP: 15/15 MP: 0/5
   754 | D:2      | Reached XP level 3. HP: 15/19 MP: 2/6
   895 | D:2      | Slain by a ribbon worm

Illustrated notes

Levels and vault maps discovered:
D:1:      minmay_arrival_five_plusses, layout_basic,
          ebering_ecumenical_altar_petrified
D:2:      layout_basic, minmay_joined_circles

Skill      XL: |  1 |
---------------+----+-----
Armour         | 1 |  1.9
Earth Magic    | 4 |  4.3
Dodging        | |  1.5
Stealth        | |  2.1
Spellcasting   | |  2.6
Conjurations   | |  1.1

Action                     || total
---------------------------++-------
  Melee: Unarmed           ||    46
   Cast: Sandblast         ||    25
   Stab: Sleeping          ||     1
 Armour: Ring mail         ||    53
         Robe              ||     1
  Dodge: Dodged            ||    60
